cohdb
Replays
Latest Replays
All Replays
Popular Replays
Top Player Replays
Match Explorer
How It Works
Community
CoH3 Stats
Reddit
Sign in to upload your games and track your stats! →
Sign in with Steam
Match 40944014
Unlisted
Match 40944014
Overview
Messages
Build Orders
End
Selects Panzerjäger Kommand Battlegroup
Selects Mine Fields
250 Light Carrier
Panzergrenadier Squad
250 Light Carrier
Construct Light Support Kompanie
Selects Tank Busters
Combat Half-tracks
2.5-tonne Medical Truck
Assault Grenadier Squad
Assault Grenadier Squad
Fire Support Elements
Panzerjäger Mechanized Group
Construct Panzerarmee Kommand
Selects Defensive Positions
Selects Butterfly Bomb Drop
Butterfly Bomb Drop
2.5-tonne Medical Truck
Selects Crew Shock Tactics
Panzer III L Medium Tank
Butterfly Bomb Drop
돈이사라지는마술
pupil3030
I need MORE POWER
维维豆奶
Exf
Gravey
Hasuu
Shark Chili
0
0
Comments
sign in to comment!
No comments posted yet!